 Dungeon Crawl Stone Soup version 0.22-a0-565-gfc6459a524 (webtiles) character file.

17869 Kholdaimon the Fencer (level 12, -39/88 HPs)
             Began as a Merfolk Gladiator on June 28, 2018.
             Was a High Priest of Okawaru.
             Killed from afar by an orc sorcerer (42 damage)
             ... with a bolt of negative energy
             ... while paralysed by an orc sorcerer
             ... on level 1 of the Orcish Mines on June 29, 2018.
             The game lasted 02:24:13 (17519 turns).

Kholdaimon the Fencer (Merfolk Gladiator)          Turns: 17519, Time: 02:24:14

Health: -39/88     AC:  8    Str: 16    XL:     12   Next: 52%
Magic:  15/15      EV:  2    Int: 10    God:    Okawaru [*****.]
Gold:   841        SH:  0    Dex: 16    Spells: 11/11 levels left

rFire    + + .     SeeInvis .   p - +0 great sword
rCold    + . .     Gourm    .   (shield currently unavailable)
rNeg     . . .     Faith    .   R - +0 leather armour {rF+}
rPois    .         Spirit   .   q - +2 helmet
rElec    .         Reflect  .   (no cloak)
rCorr    +         Harm     .   b - +1 pair of gloves of Ru's Supremacy {rF+ rCorr}
MR       .....                  (no boots)
Stlth    +.........             (no amulet)
HPRegen  0.24/turn              x - ring of protection from cold
MPRegen  0.14/turn              G - +4 ring of slaying

@: paralysed, lethally poisoned (-39 -> -57), heavily drained
A: change form in water, swift swim, stealthy swim
a: Heroism, Finesse, Renounce Religion


You were on level 1 of the Orcish Mines.
You worshipped Okawaru.
Okawaru was extremely pleased with you.
You were hungry.

You visited 2 branches of the dungeon, and saw 13 of its levels.
You also visited: Sewer, Ossuary and Bailey.

You collected 1010 gold pieces.
You spent 169 gold pieces at shops.

Inventory:

Hand Weapons
 j - a +0 blowgun
 k - a +4 falchion
 p - a +0 great sword (weapon)
 t - a +2 antimagic flail
 y - a +1 long sword of protection
Missiles
 c - 6 poisoned tomahawks
 d - 2 throwing nets
 J - 19 poisoned needles
 K - 21 tomahawks of returning (quivered)
 M - 6 needles of frenzy
 V - 9 curare-tipped needles
 Y - 3 steel javelins
Armour
 b - the +1 pair of gloves of Ru's Supremacy (worn) {rF+ rCorr}
   (You found it on level 9 of the Dungeon)

   It protects you from fire.
   It protects you from acid and corrosion.
 q - a +2 helmet (worn)
 w - a +0 scale mail of cold resistance
 C - a +0 ring mail
 Q - a +0 large shield
 R - a +0 leather armour of fire resistance (worn)
Jewellery
 i - an uncursed ring of protection from fire
 x - a ring of protection from cold (left hand)
 G - a +4 ring of slaying (right hand)
Wands
 e - a wand of enslavement (9)
 v - a wand of polymorph (8)
 A - a wand of flame (39)
 S - a wand of disintegration (10)
 T - a wand of iceblast (4)
 X - a wand of scattershot (8)
Scrolls
 g - 6 scrolls of teleportation
 h - 2 scrolls of immolation
 n - 2 scrolls of blinking
 s - a scroll of fog
 u - 5 scrolls of enchant armour
 z - 2 scrolls of enchant weapon
 B - 8 scrolls of remove curse
 E - 3 scrolls of magic mapping
 L - a scroll of fear
 U - 5 scrolls of identify
Potions
 a - 4 potions of flight
 l - 4 potions of mutation
 m - 6 potions of curing
 o - 4 potions of brilliance
 r - 2 potions of agility
 D - 3 potions of might
 F - a potion of cancellation
 H - 2 potions of magic
 I - a potion of resistance
Miscellaneous
 N - a lightning rod (4/4)
 O - a lightning rod (4/4)
Comestibles
 f - 17 rations
 P - 4 chunks of flesh


   Skills:
 + Level 6.1(4.6) Fighting
 + Level 16.0(14.2) Long Blades
 - Level 3.0(1.7) Throwing
 + Level 14.7(12.9) Dodging
 - Level 4.0(2.6) Invocations


You had 11 spell levels left.
You didn't know any spells.
Your spell library contained the following spells:

 Spells                   Type           Power        Failure   Level  Hunger
 Bolt of Magma            Conj/Fire/Erth #.........   100%        5    ######.
 Throw Frost              Conj/Ice       #.....       56%         2    ###....
 Venom Bolt               Conj/Pois      #.........   100%        5    ######.
 Freeze                   Ice            #...         43%         1    ##.....
 Summon Ice Beast         Ice/Summ       #.......     99%         4    #####..
 Ozocubu's Armour         Chrm/Ice       #.......     80%         3    ####...
 Iron Shot                Conj/Erth      #.........   100%        6    #######
 Throw Icicle             Conj/Ice       #.......     99%         4    #####..
 Orb of Destruction       Conj           #.........   100%        7    #######
 Iskenderun's Battlesphe  Conj/Chrm      #.......     100%        5    ######.
 Spellforged Servitor     Conj/Summ      #.........   100%        7    #######


Dungeon Overview and Level Annotations

Branches:
Dungeon (12/15)            Temple (0/1) D:7            Lair (0/6) D:11
    Orc (1/2) D:12

Altars:
Ashenzari
Dithmenos
Fedhas
Hepliaklqana
Kikubaaqudgha
Makhleb
Okawaru
Qazlal
Vehumet
Xom
Yredelemnul

Shops:
D:5 (%(%   D:6 (   D:12 (

Portals:
Trove: D:11 (give 5 potions of resistance)

Annotations:
D:6 3 runed doors, mrdizzer's ghost, novice GrEE
D:9 exclusion: downstairs


Message History

Helpless, you fail to dodge the bolt of negative energy.
You feel drained. The chaos spawn gores you!
* * * LOW HITPOINT WARNING * * *
You are engulfed in flames.
You resist.
* * * LOW HITPOINT WARNING * * *
You feel sick.
The orc sorcerer hits you but does no damage.
You are more poisoned.
The chaos spawn hits you but does no damage.
You feel sick.
The orc sorcerer hits you with a dagger of venom.
* * * LOW HITPOINT WARNING * * *
You are more poisoned.
The chaos spawn barely misses you.
* * * LOW HITPOINT WARNING * * *
You feel sick.
The orc sorcerer points at you and mumbles some strange words.
Helpless, you fail to dodge the bolt of negative energy.
You feel drained.
You die...

### ###.####
##....#.##
#..[.#...#
###.))...#
##..#.)).#....
#...)##).......
##.)###.[......
##@4#.........
#.o...........
.
#.............
..
..(.......##..
.. #..........#
.. ..
##......... ..
...##..#.# ..
#.## ..$## ..
..


You could see a chaos spawn and an orc sorcerer.

Vanquished Creatures
  A fire dragon (D:11)
  2 two-headed ogres
  An unseen horror (D:10)
  An orc knight (D:12)
  An orc sorcerer (Orc:1)
  An ugly thing (D:12)
  A centaur skeleton (D:11)
  2 gargoyles
  A troll (D:9)
  2 hornets
  6 hippogriffs
  A wraith (D:11)
  A wyvern (D:9)
  A basilisk (D:11)
  15 yaks
  3 vampire mosquitoes (D:12)
  A warg (Orc:1)
  Edmund (D:5)
  A soldier ant (D:10)
  An acid dragon (D:12)
  2 porcupines (D:11)
  Duvessa (D:7)
  5 black bears (D:11)
  14 orc warriors
  A phantom (D:7)
  3 sky beasts
  4 ice beasts
  An eye of draining (D:11)
  6 ogres
  2 wolves (D:11)
  7 centaurs
  4 crocodiles
  6 big kobolds
  2 elf skeletons (D:6)
  2 bullfrogs
  Dowan (D:7)
  2 wyvern skeletons
  3 scorpions (D:11)
  3 wights
  5 howler monkeys (D:10)
  3 crimson imps
  2 centaur zombies (Ossuary)
  2 bullfrog skeletons
  2 jellies
  8 orc priests
  5 bullfrog zombies
  7 hounds
  14 orc wizards
  4 iguanas
  Ijyb (D:5)
  A merfolk avatar (Sewer)
  9 worker ants
  2 merfolk sirens (Sewer)
  A killer bee zombie (Ossuary)
  A hound zombie (Ossuary)
  A hound skeleton (D:4)
  15 mummies (Ossuary)
  4 worker ant zombies
  2 gnolls
  A river rat (Sewer)
  17 adders
  4 shadow imps
  An ooze (D:7)
  4 adder zombies
  An adder skeleton (D:7)
  A worm (D:3)
  2 dart slugs
  5 leopard geckos
  52 orcs
  14 giant cockroaches
  4 goblins
  14 hobgoblins
  13 jackals
  37 kobolds
  5 quokkas
  5 ball pythons
  5 bats
  9 frilled lizards
  3 leopard gecko zombies
  4 orc skeletons (D:6)
  27 rats
  A fungus (D:4)
  A plant (D:4)
432 creatures vanquished.

Vanquished Creatures (others)
  An orc priest (Orc:1)
  2 fungi (D:11)
  3 withered plants (Ossuary)
6 creatures vanquished.

Grand Total: 438 creatures vanquished

Notes
Turn   | Place    | Note
-------+----------+-------------------------------------------
     0 | D:1      | Kholdaimon the Merfolk Gladiator began the quest for the Orb.
     0 | D:1      | Reached XP level 1. HP: 16/16 MP: 1/1
   225 | D:1      | Reached XP level 2. HP: 23/23 MP: 2/2
   452 | D:1      | Reached XP level 3. HP: 27/28 MP: 3/3
  1128 | D:2      | Found a hazy altar of Hepliaklqana.
  1130 | D:2      | Found a shimmering altar of Xom.
  1130 | D:2      | Noticed a bullfrog
  1131 | D:2      | Noticed a spectral ugly thing
  1131 | D:2      | Noticed a bullfrog
  1253 | D:2      | Found a stormy altar of Qazlal.
  1338 | D:2      | Found a shadowy altar of Dithmenos.
  1414 | D:2      | Reached XP level 4. HP: 33/34 MP: 4/4
  1448 | D:2      | Reached skill level 4 in Long Blades
  2481 | D:4      | Found a blossoming altar of Fedhas.
  2533 | D:3      | Reached XP level 5. HP: 9/41 MP: 5/5
  2896 | D:3      | Reached skill level 5 in Dodging
  3172 | D:4      | Reached skill level 5 in Long Blades
  3217 | D:4      | Found an ancient bone altar of Kikubaaqudgha.
  3228 | D:4      | Reached XP level 6. HP: 39/47 MP: 6/6
  3493 | D:4      | Found a burning altar of Makhleb.
  3525 | D:4      | Reached skill level 6 in Long Blades
  3614 | D:5      | Entered Level 5 of the Dungeon
  3640 | D:5      | Found a burning altar of Makhleb.
  3660 | D:5      | Found Giriepp's Antique Weapon Shoppe.
  3661 | D:5      | Noticed Ijyb
  3715 | D:5      | Killed Ijyb
  3755 | D:5      | Bought a runed long sword for 169 gold pieces
  3800 | D:5      | Found a glowing drain.
  3813 | Sewer    | Entered a sewer
  3978 | Sewer    | Reached XP level 7. HP: 52/52 MP: 7/7
  4558 | D:5      | Found Doywiogo's Food Boutique.
  4647 | D:5      | Found Jutwigho's Weapon Shoppe.
  4650 | D:5      | Noticed Edmund
  4685 | D:5      | Killed Edmund
  4685 | D:5      | Reached skill level 7 in Long Blades
  4828 | D:5      | Found a shattered altar of Ashenzari.
  5066 | D:5      | Found Hisetargh's Food Shoppe.
  5120 | D:5      | Noticed Grinder
  5121 | D:5      | Noticed Grinder
  5121 | D:5      | Grinder changed into Grinder the crimson imp
  5147 | D:5      | Killed Grinder the crimson imp
  5437 | D:6      | Found Sopp's Antique Weapon Shop.
  5535 | D:6      | Found a runed gate.
  5535 | D:6      | Found a runed gate.
  5535 | D:6      | Found a runed gate.
  5535 | D:6      | Noticed mrdizzer's ghost (novice GrEE)
  5635 | D:6      | Reached skill level 8 in Long Blades
  5635 | D:6      | Reached XP level 8. HP: 39/58 MP: 8/8
  5641 | D:6      | Found a sand-covered staircase.
  5647 | Ossuary  | Entered an ossuary
  6128 | Ossuary  | Reached skill level 9 in Long Blades
  6916 | D:6      | Reached skill level 10 in Long Blades
  6916 | D:6      | Reached XP level 9. HP: 63/63 MP: 9/9
  7384 | D:7      | Found a flagged portal.
  7523 | Bailey   | Entered a bailey
  7781 | Bailey   | Found an iron altar of Okawaru.
  8020 | Bailey   | Became a worshipper of Warmaster Okawaru
  8246 | D:7      | Found a staircase to the Ecumenical Temple.
  8269 | D:7      | Reached skill level 11 in Long Blades
  8269 | D:7      | Reached skill level 10 in Dodging
  8607 | D:7      | Noticed Duvessa
  8608 | D:7      | Noticed Dowan
  8621 | D:7      | Killed Duvessa
  8629 | D:7      | Killed Dowan
  8719 | D:7      | Reached * piety under Okawaru
  8896 | D:7      | Found an iron altar of Okawaru.
  9055 | D:7      | Reached skill level 12 in Long Blades
  9055 | D:7      | Reached XP level 10. HP: 64/70 MP: 10/10
  9454 | D:8      | Found a radiant altar of Vehumet.
 10168 | D:9      | Reached ** piety under Okawaru
 10715 | D:9      | Got a pair of twisted gloves
 10726 | D:9      | Identified the +1 pair of gloves of Ru's Supremacy {rF+ rCorr} (You found it on level 9 of the Dungeon)
 10767 | D:9      | Reached skill level 13 in Long Blades
 10821 | D:8      | You fall through a shaft!
 10867 | D:9      | Reached *** piety under Okawaru
 11086 | D:10     | Entered Level 10 of the Dungeon
 11099 | D:10     | Noticed a gargoyle
 11534 | D:10     | Killed a gargoyle
 11947 | D:10     | Reached **** piety under Okawaru
 11952 | D:10     | Reached skill level 14 in Long Blades
 11999 | D:10     | Reached XP level 11. HP: 53/75 MP: 11/11
 12247 | D:10     | Killed an unseen horror
 12298 | D:10     | Paralysed by a hornet for 1 turns
 12986 | D:11     | Received a gift from Okawaru
 13043 | D:11     | Found a portal to a secret trove of treasure.
 13404 | D:11     | Reached ***** piety under Okawaru
 13404 | D:11     | Reached skill level 15 in Long Blades
 13412 | D:11     | Found a staircase to the Lair.
 13521 | D:11     | Found a radiant altar of Vehumet.
 13521 | D:11     | Noticed a fire dragon
 13796 | D:11     | Noticed a two-headed ogre
 13912 | D:10     | Killed a two-headed ogre
 13912 | D:10     | Received a gift from Okawaru
 13912 | D:10     | Reached skill level 1 in Invocations
 14141 | D:11     | HP: 2/75 [fire dragon/blast of flame (11)]
 14537 | D:11     | Killed a fire dragon
 14741 | D:11     | Found a basalt altar of Yredelemnul.
 14844 | D:12     | Received a gift from Okawaru
 14911 | D:12     | Reached XP level 12. HP: 67/83 MP: 14/14
 15377 | D:12     | Received a gift from Okawaru
 15489 | D:12     | Found Civennops's Weapon Emporium.
 15782 | D:12     | Reached skill level 5 in Fighting
 15823 | D:12     | Found a staircase to the Orcish Mines.
 16630 | D:12     | Found Civennops's Weapon Emporium.
 16631 | D:12     | Found a staircase to the Orcish Mines.
 16855 | Orc:1    | Entered Level 1 of the Orcish Mines
 16890 | Orc:1    | Noticed a two-headed ogre
 17117 | Orc:1    | Killed a two-headed ogre
 17117 | Orc:1    | Received a gift from Okawaru
 17161 | Orc:1    | Paralysed by an orc sorcerer for 7 turns
 17166 | Orc:1    | Noticed a soul eater
 17190 | Orc:1    | Reached skill level 16 in Long Blades
 17514 | Orc:1    | Paralysed by an orc sorcerer for 5 turns
 17518 | Orc:1    | HP: 4/88 [orc sorcerer/dagger of venom (6)]
 17519 | Orc:1    | Killed from afar by an orc sorcerer

Vault maps used:
D:1:      dpeg_arrival_lava_temple_mockup
D:2:      regret_index_temple_of_mockery, grunt_qazlal_clouds,
          nicolae_dithmenos_through_a_glass_darkly
D:3:      supply_closet_lemuel, fountainhead
D:4:      kennysheep_little_box, kennysheep_mini_moat, first_ration,
          minmay_gold_behind_fungi, fedhas_altar_3
D:5:      gup_sewer_entry_bubbles, basic_altar, serial_shops, shop_fountains,
          shop, kennysheep_mini, shop, nicolae_ashenzari_panopticon,
          uniq_grinder, uniq_edmund, uniq_ijyb
D:6:      nicolae_ossuary_entry_catacombs, gammafunk_ghost_necromancy,
          serial_shops, shop
D:7:      okawaru_altar_gauntlet_db, minmay_temple_entry_mist, enter_bailey_8,
          uniq_duvessa
D:8:      vehumet_crystals, minmay_misc_feat_encased
D:10:     hangedman_pestilent_swarm
D:11:     minmay_lair_entry_grove, nicolae_trove_entry_diagonal,
          hangedman_feature_mirror
D:12:     orc_david_3
Orc:1:    uniq_gastronok
Sewer:    sewer_sea
Ossuary:  ossuary_zaba_flooded
Bailey:   bailey_axe_3, bailey

Skill      XL: |  1  2  3  4  5  6  7  8  9 10 11 12 |
---------------+-------------------------------------+-----
Long Blades    | 4 5 6 8 10 12 14 15 16 | 16.0
Fighting       | 3 4 6 |  6.1
Throwing       | 3 |  3.0
Dodging        | 5 6 7 9 10 12 13 14 | 14.7
Invocations    | 3 4 |  4.0

Action                   |  1- 3 |  4- 6 |  7- 9 | 10-12 || total
-------------------------+-------+-------+-------+-------++-------
Melee: Long sword        |    89 |   212 |   644 |   160 ||  1105
       Unarmed           |       |    12 |       |       ||    12
       Tailslap          |       |     3 |    15 |       ||    18
       Great sword       |       |       |       |   430 ||   430
       Falchion          |       |       |       |    24 ||    24
Throw: Stone             |     6 |    19 |    64 |       ||    89
       Tomahawk          |       |       |    36 |    87 ||   123
       Throwing net      |       |       |       |     1 ||     1
Evoke: Wand              |       |       |     1 |     5 ||     6
  Use: Scroll            |       |    11 |     8 |    15 ||    34
       Potion            |       |       |       |    10 ||    10
 Stab: Confused          |       |     1 |       |       ||     1
       Distracted        |       |       |       |     1 ||     1
  Eat: Chunk             |     2 |     8 |    10 |    14 ||    34
       Ration            |       |       |     2 |     4 ||     6
Armor: Leather armour    |    19 |    63 |   109 |   128 ||   319
       Ring mail         |       |       |    87 |       ||    87
Dodge: Dodged            |    73 |   166 |   473 |   692 ||  1404
       Rpst.: Long sword |    25 |    47 |   129 |    30 ||   231
       Great sword       |       |       |       |   139 ||   139
       Falchion          |       |       |       |     9 ||     9

Table legend:
 A = Spawn XP
 B = Non-spawn XP
 C = Spawn XP percentage of total XP
 D = Spawn monster count
 E = Non-spawn monster count
 F = Spawn count percentage of total count
 G = Total turns spent on level
                    A         B        C        D         E        F      G
               +---------+---------+-------+---------+---------+-------+---------
         Total |       0 |   25528 |   0.0 |       0 |     430 |   0.0 | 17519
               +---------+---------+-------+---------+---------+-------+---------
           D:1 |       0 |      52 |   0.0 |       0 |      23 |   0.0 |  1107
           D:2 |       0 |      37 |   0.0 |       0 |      13 |   0.0 |   710
           D:3 |       0 |      89 |   0.0 |       0 |      20 |   0.0 |  1009
           D:4 |       0 |     305 |   0.0 |       0 |      16 |   0.0 |   788
           D:5 |       0 |     371 |   0.0 |       0 |      16 |   0.0 |  1114
           D:6 |       0 |     717 |   0.0 |       0 |      23 |   0.0 |  1005
           D:7 |       0 |    1722 |   0.0 |       0 |      51 |   0.0 |  1328
           D:8 |       0 |     168 |   0.0 |       0 |       3 |   0.0 |   747
           D:9 |       0 |    3711 |   0.0 |       0 |      35 |   0.0 |  2129
          D:10 |       0 |    3845 |   0.0 |       0 |      33 |   0.0 |  1779
          D:11 |       0 |    5117 |   0.0 |       0 |      44 |   0.0 |  1207
          D:12 |       0 |    5507 |   0.0 |       0 |      47 |   0.0 |  2024
         Orc:1 |       0 |    2468 |   0.0 |       0 |      20 |   0.0 |   458
         Sewer |       0 |     206 |   0.0 |       0 |      41 |   0.0 |   668
       Ossuary |       0 |     773 |   0.0 |       0 |      29 |   0.0 |   936
        Bailey |       0 |     440 |   0.0 |       0 |      16 |   0.0 |   510
               +---------+---------+-------+---------+---------+-------+---------
